 Dungeon Crawl Stone Soup version 0.26-a0-812-g31a745ddcd (webtiles) character file.

Game seed: 2822653145293905486

3752 ipx the Geomancer (level 9, -9/49 HPs)
             Began as a Deep Elf Earth Elementalist on Dec 8, 2020.
             Was a Priest of Vehumet.
             Killed by the air
             ... invoked by a wind drake (shapeshifter)
              (13 damage)
             ... on level 10 of the Dungeon.
             The game lasted 00:48:13 (2457 turns).

ipx the Geomancer (Deep Elf Earth Elementalist)     Turns: 2457, Time: 00:48:14

Health: -9/49      AC:  6    Str:  5    XL:     9   Next: 93%
Magic:  12/20      EV: 17    Int: 30    God:    Vehumet [***...]
Gold:   207        SH:  0    Dex: 15    Spells: 5/20 levels left

rFire    . . .     SeeInvis .   a - +2 dagger (elec)
rCold    . . .     Faith    .   (no shield)
rNeg     + . .     Spirit   .   B - +2 robe
rPois    .         Reflect  .   f - +0 helmet
rElec    .         Harm     .   m - +0 cloak
rCorr    .         Rampage  .   (no gloves)
MR       .....                  (no boots)
Stlth    ++........             (no amulet)
HPRegen  0.16/turn              I - +6 ring of intelligence
MPRegen  0.17/turn              e - ring of positive energy

@: about to teleport
A: no striking features
a: Renounce Religion


You were on level 10 of the Dungeon.
You worshipped Vehumet.
Vehumet was most pleased with you.
You visited 1 branch of the dungeon, and saw 10 of its levels.

You collected 358 gold pieces.
You spent 151 gold pieces at shops.

Inventory:

Hand Weapons
 a - a +2 dagger of electrocution (weapon)
 g - a +2 quarterstaff of pain
 F - the +1 spear of the Slashing Scorpion {protect, Dex+2}
   (You found it on level 8 of the Dungeon)

   It grants its wielder temporary protection when it strikes (+7 to AC).
   It affects your dexterity (+2).
 G - a +2 scimitar of electrocution
Missiles
 b - 116 stones (quivered)
 v - 17 poisoned darts
Armour
 f - a +0 helmet (worn)
 j - the +1 leather armour of Ipaynov {-Tele rN++ rCorr Dex+4}
   (You bought it in a shop on level 4 of the Dungeon)

   It affects your dexterity (+4).
   It greatly protects you from negative energy.
   It prevents most forms of teleportation.
   It provides partial protection from all sources of acid and corrosion.
 m - a +0 cloak (worn)
 B - a +2 robe (worn)
 E - a +0 kite shield
Jewellery
 e - a ring of positive energy (right hand)
 I - a +6 ring of intelligence (left hand)
Wands
 x - a wand of polymorph (5)
 z - a wand of digging (6)
 H - a wand of flame (13)
Scrolls
 i - 2 scrolls of immolation {unknown}
 k - 6 scrolls of remove curse
 o - 2 scrolls of enchant weapon {unknown}
 u - a scroll of teleportation
 w - a scroll of enchant armour {unknown}
 y - 2 scrolls of fear {unknown}
 A - a scroll of blinking {unknown}
 C - a scroll of acquirement {unknown}
 D - a scroll of magic mapping
 J - a scroll of identify
Potions
 c - a potion of mutation {unknown}
 d - 2 potions of brilliance
 h - 2 potions of attraction
 l - a potion of curing
 n - a potion of might
 p - 2 potions of flight
 q - a potion of haste
 t - 2 potions of invisibility


   Skills:
 + Level 2.9 Fighting
 - Level 8.0 Dodging
 - Level 2.4 Stealth
 - Level 6.0 Spellcasting
 - Level 4.0 Conjurations
 - Level 2.0 Transmutations
 + Level 11.9 Earth Magic


You had 5 spell levels left.
You knew the following spells:

 Your Spells              Type           Power        Failure   Level
d - Lee's Rapid Deconstr  Erth           ######....   1%          5
q - Sandblast             Erth           ######       1%          1
r - Stone Arrow           Conj/Erth      ######       1%          3
t - Petrify               Tmut/Erth      ######..     3%          4
w - Passwall              Tmut/Erth      ######..     1%          2

Your spell library contained the following spells:

 Spells                   Type           Power        Failure   Level
 Mephitic Cloud           Conj/Pois/Air  ###.....     2%          3
 Beastly Appendage        Tmut           ###...       2%          1
 Wereblood                Tmut           ###.....     3%          2
 Spider Form              Tmut/Pois      ###.......   11%         3
 Ice Form                 Ice/Tmut       ###.....     34%         4
 Blade Hands              Tmut           ###.......   54%         5


Dungeon Overview and Level Annotations

Branches:
Dungeon (10/15)            Temple (0/1) D:4
   Lair: D:8-11         Orc: D:9-12

Altars:
Gozag
Hepliaklqana
Makhleb
Nemelex Xobeh
Qazlal
Sif Muna
Vehumet
Wu Jian
Yredelemnul

Shops:
D:4 *   D:8 :

Annotations:
D:6 3 runed translucent doors, MalarOregon's ghost, novice DrHu


Message History

Aim: a tengu warrior, wielding a +0 great mace and wearing a cursed +0 ring mail (chance to defeat MR: 55%)
The tengu warrior resists with significant effort.
The tengu warrior closely misses you.
The tengu warrior pecks you but does no damage.
The tengu warrior claws you but does no damage.
Unknown command.
You feel much better. The wind drake flaps its wings at you.
The air twists around and strikes you!
The tengu warrior hits you with a +0 great mace!!
* * * LOW HITPOINT WARNING * * *
The tengu warrior closely misses you. The tengu warrior barely misses you.
Evoke which item? (* to show all) (? for menu, Esc to quit)
Okay, then.
As you read the scroll of teleportation, it crumbles to dust.
You feel strangely unstable.
The wind drake begins repelling missiles!
The wind drake flaps its wings at you. The air twists around and strikes you!
You die...

#.. .### #.
#......##.....#
####+#####.##.......Y...
##.#...#.##.##..#........
#...#.#Q..#.##...........
##.#.#.#@##..............
#.#...k.#.#..........[...
+..#.#.#..+..............
#.#.....#.#....Y.<.......
##.#.#.#.##Y.............
#...#.#...#..............
##.#..†#.##Y.#...........
####'#####..............
♣P...P.P♣#..##.##.######


You could see a wind drake shaped shifter (repels missiles) and a tengu warrior.

Vanquished Creatures
  A centaur skeleton (D:10)
  A spriggan (shapeshifter) (D:9)
  5 yaks (D:9)
  An orc warrior (D:9)
  3 black bears
  A phantom (D:7)
  2 ogres
  5 bullfrogs
  A big kobold (D:9)
  A wyvern zombie (D:10)
  2 scorpions
  2 killer bees (D:8)
  A howler monkey (D:6)
  2 centaur zombies
  2 jellies
  4 hounds
  A bullfrog skeleton (D:8)
  4 orc priests
  An iguana (D:7)
  5 orc wizards
  6 worker ants
  A gnoll (D:4)
  11 adders
  3 river rats (D:8)
  A white imp (D:6)
  3 ufetubi
  An ooze (D:3)
  3 worms
  5 leopard geckos
  18 orcs
  3 bats
  5 giant cockroaches
  6 goblins
  7 hobgoblins
  A jackal (D:10)
  7 quokkas
  A ball python (D:3)
  2 frilled lizards
  A jackal skeleton (D:4)
  5 kobolds
  A leopard gecko skeleton (D:5)
  A quokka skeleton (D:9)
  A rat (D:1)
138 creatures vanquished.

Vanquished Creatures (others)
  3 plants (D:10)
3 creatures vanquished.

Grand Total: 141 creatures vanquished

Notes
Turn   | Place    | Note
-------+----------+-------------------------------------------
     0 | D:1      | ipx the Deep Elf Earth Elementalist began the quest for the
                  | Orb.
     0 | D:1      | Reached XP level 1. HP: 10/10 MP: 6/6
    93 | D:1      | Reached XP level 2. HP: 15/15 MP: 4/8
   133 | D:1      | Reached skill level 4 in Earth Magic
   139 | D:1      | Learned a level 2 spell: Passwall
   316 | D:2      | Reached XP level 3. HP: 19/19 MP: 6/9
   321 | D:2      | Learned a level 3 spell: Stone Arrow
   420 | D:3      | Found a radiant altar of Vehumet.
   442 | D:3      | Reached skill level 1 in Conjurations
   475 | D:3      | Found a burning altar of Makhleb.
   483 | D:3      | Reached XP level 4. HP: 24/24 MP: 3/10
   546 | D:3      | Became a worshipper of Vehumet
   612 | D:3      | Found a sparkling altar of Nemelex Xobeh.
   701 | D:4      | Found a staircase to the Ecumenical Temple.
   725 | D:4      | Reached skill level 5 in Earth Magic
   863 | D:4      | Reached XP level 5. HP: 28/28 MP: 4/11
   869 | D:4      | Learned a level 4 spell: Petrify
   992 | D:5      | Entered Level 5 of the Dungeon
  1014 | D:5      | Noticed an ogre
  1020 | D:5      | Killed an ogre
  1020 | D:5      | Reached skill level 6 in Earth Magic
  1020 | D:5      | Reached XP level 6. HP: 32/32 MP: 7/12
  1119 | D:4      | Found Ydoxtuwn's Assorted Antiques.
  1135 | D:4      | Bought an opal-encrusted leather armour for 119 gold pieces
  1135 | D:4      | Bought a scroll labelled YCSEUS BIORRUY for 17 gold pieces
  1135 | D:4      | Bought a green potion for 15 gold pieces
  1145 | D:4      | Identified the +1 leather armour of Ipaynov {-Tele rN++
                  | rCorr Dex+4} (You bought it in a shop on level 4 of the
                  | Dungeon)
  1351 | D:6      | Noticed Blork the orc
  1364 | D:6      | Noticed Blork
  1364 | D:6      | Blork the orc changed into Blork the worker ant
  1366 | D:6      | Killed Blork the worker ant
  1393 | D:6      | Reached * piety under Vehumet
  1393 | D:6      | Offered knowledge of Freeze by Vehumet.
  1393 | D:6      | Reached skill level 7 in Earth Magic
  1393 | D:6      | Reached XP level 7. HP: 36/36 MP: 5/16
  1395 | D:6      | Reached skill level 5 in Spellcasting
  1586 | D:6      | Found a runed translucent gate.
  1586 | D:6      | Found a runed translucent gate.
  1586 | D:6      | Found a runed translucent gate.
  1591 | D:6      | Noticed MalarOregon's ghost (novice DrHu)
  1600 | D:6      | Reached skill level 8 in Earth Magic
  1646 | D:7      | Reached XP level 8. HP: 41/41 MP: 15/19
  1662 | D:7      | Learned a level 5 spell: Lee's Rapid Deconstruction
  1738 | D:7      | Reached skill level 5 in Dodging
  1800 | D:7      | Reached ** piety under Vehumet
  1872 | D:8      | Offered knowledge of Foxfire by Vehumet.
  1894 | D:8      | Noticed a death yak
  1932 | D:8      | Got a pitted spear
  1933 | D:8      | Identified the cursed +1 spear of the Slashing Scorpion
                  | {protect, Dex+2} (You found it on level 8 of the Dungeon)
  1954 | D:8      | Reached skill level 9 in Earth Magic
  1967 | D:8      | Found Ogywoa Zilo's Book Shoppe.
  1993 | D:8      | Noticed a death yak
  1997 | D:8      | Noticed a death yak
  2023 | D:9      | Found a stormy altar of Qazlal.
  2023 | D:9      | Noticed a cane toad
  2294 | D:9      | Found a basalt altar of Yredelemnul.
  2295 | D:9      | Found an ornate altar of the Wu Jian Council.
  2295 | D:9      | Found a hazy altar of Hepliaklqana.
  2302 | D:9      | Reached XP level 9. HP: 45/45 MP: 11/20
  2325 | D:9      | Reached skill level 10 in Earth Magic
  2332 | D:9      | Reached skill level 11 in Earth Magic
  2336 | D:9      | Found an opulent altar of Gozag.
  2337 | D:9      | Found a shimmering blue altar of Sif Muna.
  2384 | D:10     | Entered Level 10 of the Dungeon
  2394 | D:10     | Offered knowledge of Mephitic Cloud by Vehumet.
  2425 | D:10     | Reached skill level 1 in Fighting
  2431 | D:10     | Reached *** piety under Vehumet
  2446 | D:10     | Noticed a tengu warrior
  2450 | D:10     | Noticed a harpy
  2450 | D:10     | HP: 2/49 [tengu warrior/+0 great mace (1)]
  2451 | D:10     | a harpy changed into an eye of draining
  2452 | D:10     | Noticed a wind drake
  2452 | D:10     | an eye of draining changed into a wind drake
  2457 | D:10     | Killed from afar by a wind drake (shapeshifter)

Illustrated notes

Levels and vault maps discovered:
D:1:      dpeg_arrival_orchard, layout_rooms
D:2:      minmay_wonky_spiral, layout_basic
D:3:      layout_rooms, overflow_temple_1_default, marbit_many_paths,
          nicolae_overflow_crystal_walls,
          chequers_temple_overflow_statue_of_worship, lemuel_doored_altar
D:4:      layout_gridville, minmay_temple_entry_offerings, serial_shops, shop
D:5:      layout_cave_pools, ebering_ghost_inner_flame
D:6:      layout_rooms, ebering_ghost_rock_garden, st_stairs_14,
          trog_hazing_becter, uniq_blork_the_orc
D:7:      layout_cave_pools, nicolae_qazlal_general_emergency,
          uniq_prince_ribbit1
D:8:      layout_gridville, dpeg_lair_monsters, serial_shops, shop,
          hangedman_ranch [blue_anna_fruit_fields], uniq_maggie
D:9:      layout_roguey, grunt_temple_overflow_open, minmay_misc_feat_enclosed,
          trog_eyes_of_draining, uniq_erica
D:10:     minmay_the_grid_4x2 [minmay_the_grid_garden,
          minmay_the_grid_diamond_grid, minmay_the_grid_paths,
          minmay_the_grid_square_x, minmay_the_grid_dragon_b,
          minmay_the_grid_minigrid_small, minmay_the_grid_stretched_grid,
          minmay_the_grid_prize_trominoes], layout_rooms

Skill      XL: |  1  2  3  4  5  6  7  8  9 |
---------------+----------------------------+-----
Earth Magic    | 4 5 6 7 8 9 11 | 11.9
Transmutations | 2 |  2.0
Conjurations   | 1 2 4 |  4.0
Spellcasting   | 4 6 |  6.0
Dodging        | 3 7 8 |  8.0
Fighting       | 2 |  2.9
Stealth        | |  2.4

Action                   |  1- 3 |  4- 6 |  7- 9 || total
-------------------------+-------+-------+-------++-------
Melee: Trident           |     1 |       |       ||     1
       Dagger            |       |       |    24 ||    24
 Cast: Sandblast         |    43 |    46 |    92 ||   181
       Stone Arrow       |       |     5 |     6 ||    11
       Lee's Rapid Decon |       |       |    11 ||    11
       Petrify           |       |       |     3 ||     3
Evoke: Wand              |       |     1 |     1 ||     2
  Use: Scroll            |       |     7 |     7 ||    14
       Potion            |       |     1 |     6 ||     7
 Stab: Petrified         |       |       |     4 ||     4
       Sleeping          |       |       |     1 ||     1
Armor: Robe              |       |     1 |     6 ||     7
Dodge: Dodged            |     2 |     3 |    46 ||    51

Table legend: (Time is in decaauts)
 A = Elapsed time spent in this place.
 B = Non-inter-level travel time spent in this place.
 C = Inter-level travel time spent in this place.
 D = Time resting spent in this place.
 E = Time spent auto-exploring this place.
 F = Levels seen in this place.
 G = Mean time per level.
                   A        B        C        D        E       F      G
               +--------+--------+--------+--------+--------+-----+--------+
         Total |   2438 |   2438 |      0 |      0 |      0 |  10 |  243.8 |
       Dungeon |   2438 |   2438 |      0 |      0 |      0 |  10 |  243.8 |
               +--------+--------+--------+--------+--------+-----+--------+

Top non-repeatable levels by time:
     D:6: 412 daAuts
     D:4: 371 daAuts
     D:9: 359 daAuts
     D:2: 267 daAuts
     D:7: 218 daAuts
     D:3: 213 daAuts
     D:5: 211 daAuts
     D:1: 174 daAuts
     D:8: 137 daAuts
    D:10: 72 daAuts
